 Dungeon Crawl Stone Soup version 0.22.1-1-ga44c0e56f4 (webtiles) character file.

43 Gunterle the Vexing (level 3, -1/15 HPs)
             Began as a Felid Enchanter on Oct 25, 2018.
             Slain by a goblin
             ... wielding a +0 dagger
             ... led by Robin
              (3 damage)
             ... on level 2 of the Dungeon.
             The game lasted 00:08:14 (1420 turns).

Gunterle the Vexing (Felid Enchanter)               Turns: 1420, Time: 00:08:15

Health: -1/15      AC:  1    Str:  4    XL:     3   Next: 37%
Magic:  3/7        EV: 18    Int: 17    God:
Gold:   47         SH:  0    Dex: 16    Spells: 0/6 levels left
                                        Lives:  0   Deaths: 0

rFire    . . .     SeeInvis +     - Unarmed
rCold    . . .     Gourm    .   (shield unavailable)
rNeg     . . .     Faith    .   (armour unavailable)
rPois    .         Spirit   .   (helmet unavailable)
rElec    .         Reflect  .   (cloak unavailable)
rCorr    .         Harm     .   (gloves unavailable)
MR       .....                  (boots unavailable)
Stlth    +++.......             (no amulet)
HPRegen  0.05/turn              (no ring)
MPRegen  0.10/turn              (no ring)

@: quick
A: very small, no armour, no weapons or thrown items, stealth, claws 1, fangs 3,
see invisible, carnivore, speed 1, shaggy fur 1, slow metabolism 1, sharp paws
a: no special abilities


You were on level 2 of the Dungeon.
You were completely stuffed.

You visited 1 branch of the dungeon, and saw 2 of its levels.

You collected 47 gold pieces.

Inventory:

Jewellery
 g - an uncursed ring of magical power {unknown}
Scrolls
 a - a scroll of amnesia {unknown}
 c - a scroll of enchant weapon {unknown}
 e - a scroll of immolation {unknown}
 h - a scroll of remove curse {unknown}
 i - a scroll of noise {unknown}
Potions
 d - a potion of brilliance {unknown}
 f - a potion of degeneration {unknown}
 j - 2 potions of ambrosia {unknown}
Comestibles
 b - 3 rations


   Skills:
 + Level 1.1 Fighting
 + Level 3.2 Dodging
 + Level 4.4 Stealth
 + Level 1.4 Unarmed Combat
 + Level 2.2 Spellcasting
 + Level 4.9 Hexes


You couldn't memorise any spells.
You knew the following spells:

 Your Spells              Type           Power        Failure   Level  Hunger
a - Corona                Hex            ###....      2%          1    #......
b - Ensorcelled Hibernat  Hex/Ice        ##....       11%         2    ###....
c - Tukima's Dance        Hex            ###.....     8%          3    ###....

Your spell library contained the following spells:

 Spells                   Type           Power        Failure   Level  Hunger
 Confuse                  Hex            ###.....     8%          3    ###....
 Dazzling Spray           Conj/Hex       ##....       21%         3    ###....


Dungeon Overview and Level Annotations

Branches:
Dungeon (2/15)

Altars:
Cheibriados

Annotations:
D:2 Robin


Innate Abilities, Weirdness & Mutations

You cannot wear armour.
You are incapable of wielding weapons or throwing items.
Your paws allow you to move quietly. (Stealth)
You have sharp claws.
You have razor-sharp teeth.
You have supernaturally acute eyesight. (SInv)
You are carnivorous and can eat meat at any time.
You cover ground quickly.
You are covered in fur. (AC +1)
You have a slow metabolism.
Your sharp claws are effective at attacking unaware monsters.


Message History

A goblin comes into view.
The goblin misses you.
A goblin comes into view. It is wielding a dagger.
Robin throws the goblin at you! The goblin misses you.
The goblin no longer looks unusually strong.
Robin zaps a wand.
The puff of flame misses you. Robin throws the goblin at you!
The goblin no longer looks unusually strong.
Robin says, "Duck!"
Robin roars a battlecry!
The goblins go into a battle-frenzy!
You hear a shout!
Robin throws the goblin at you!
* * * LOW HITPOINT WARNING * * *
The goblin closely misses you.
You scratch the goblin.
The goblin is moderately wounded.
The goblin no longer looks unusually strong.
The goblin hits you with a dagger.
You die...

#.###### #.# #.#
#.# #.# ####[# #.#
##>##.# #.# #...#..
#.######.# #.⌠.#.#
#)........ #...#..
#g######.# ##..###
#@.# ######... #g.#
##...##... #..#
#<.⌠....⌠. #..#
###...##...
#g.#####.######...
#g.........##..#..
##g.#####.#.#...###
#......##g#.#.⌠.#
#...##.##.#.#...###


You could see Robin and 4 goblins.

Vanquished Creatures
  An adder (D:2)
  An ooze (D:1)
  A leopard gecko (D:1)
  A ball python (D:1)
  A giant cockroach (D:2)
  4 goblins
  7 hobgoblins
  A kobold (D:1)
  A quokka (D:2)
  2 bats
  A frilled lizard (D:1)
  4 rats
25 creatures vanquished.

Vanquished Creatures (collateral kills)
  A goblin (D:2)
1 creature vanquished.

Grand Total: 26 creatures vanquished

Notes
Turn   | Place    | Note
-------+----------+-------------------------------------------
     0 | D:1      | Gunterle the Felid Enchanter began the quest for the Orb.
     0 | D:1      | Reached XP level 1. HP: 7/7 MP: 4/4
   373 | D:1      | Reached XP level 2. HP: 12/12 MP: 4/6
   380 | D:1      | Learned a level 2 spell: Ensorcelled Hibernation
   499 | D:1      | Found a snail-covered altar of Cheibriados.
  1182 | D:2      | Reached skill level 1 in Fighting
  1182 | D:2      | Reached XP level 3. HP: 13/15 MP: 7/7
  1187 | D:2      | Learned a level 3 spell: Tukima's Dance
  1385 | D:2      | Noticed Robin
  1420 | D:2      | Slain by a goblin

Skill      XL: |  1  2 |
---------------+-------+-----
Dodging        | 3 |  3.2
Fighting       | 1 |  1.1
Stealth        | |  4.4
Unarmed Combat | |  1.4
Spellcasting   | |  2.2
Hexes          | |  4.9

Action                   || total
-------------------------++-------
Melee: Unarmed           ||    64
       Bite              ||     2
       Punch             ||     1
 Cast: Corona            ||     1
       Ensorcelled Hiber ||    12
       Tukima's Dance    ||     2
 Stab: Sleeping          ||    14
  Eat: Chunk             ||     9
Armor: Skin              ||     1
Dodge: Dodged            ||    41
